 Dungeon Crawl Stone Soup version 0.18.1-8-gdd0e5ea (webtiles) character file.

108 Gagarin the Gusty (level 4, -9/34 HPs)
             Began as a Draconian Air Elementalist on June 3, 2016.
             Killed by nerve-wracking pain
             ... invoked by Grinder
              (13 damage)
             ... while paralysed by Grinder
             ... on level 3 of the Dungeon.
             The game lasted 00:10:26 (2886 turns).

Gagarin the Gusty (Draconian Air Elementalist)      Turns: 2886, Time: 00:10:27

Health: -9/34      AC:  7    Str: 10    XL:     4   Next: 58%
Magic:  0/7        EV:  2    Int: 17    God:
Gold:   113        SH:  0    Dex: 11    Spells: 2 memorised, 5 levels left

rFire  . . .     SeeInvis .     e - +0 dagger
rCold  . . .     Gourm    .     (armour unavailable)
rNeg   . . .     Faith    .     (no shield)
rPois  .         Spirit   .     (helmet restricted)
rElec  .         Dismiss  .     j - +1 cloak
rCorr  .         Reflect  .     (no gloves)
SustAt .         Harm     .     (no boots)
MR     .....                    (no amulet)
Stlth  ++........               (no ring)
                                (no ring)

@: paralysed, not resistant to hostile enchantments, unstealthy
A: unfitting armour, cold-blooded, AC +5
a: no special abilities


You were on level 3 of the Dungeon.
You were not hungry.

You visited 1 branch of the dungeon, and saw 3 of its levels.

You collected 113 gold pieces.

Inventory:

Hand Weapons
 e - a +0 dagger (weapon)
 o - a +0 hunting sling
Missiles
 d - 146 stones (quivered)
Armour
 j - a +1 cloak (worn)
Jewellery
 l - an uncursed ring of poison resistance {unknown}
 n - a +1 ring of evasion {unknown}
Scrolls
 c - a scroll of identify {unknown}
 f - a scroll of remove curse {unknown}
 h - a scroll of teleportation {unknown}
 i - 2 scrolls of recharging {unknown}
 k - a scroll of immolation {unknown}
 p - a scroll of enchant weapon {unknown}
 q - a scroll of random uselessness {unknown}
Potions
 m - a potion of degeneration {unknown}
 r - a potion of invisibility {unknown}
Books
 a - a book of Air

   Spells                             Type                      Level
   a - Shock                          Conjuration/Air              1
   b - Swiftness                      Charms/Air                   2
   c - Repel Missiles                 Charms/Air                   2
   d - Static Discharge               Conjuration/Air              3
   e - Lightning Bolt                 Conjuration/Air              5
Comestibles
 b - 2 bread rations
 g - a meat ration
 s - 7 chunks of flesh
 t - a royal jelly


   Skills:
 + Level 0.4 Fighting
 + Level 0.4 Short Blades
 + Level 2.5 Dodging
 + Level 2.3 Stealth
 + Level 2.5 Spellcasting
 + Level 2.0 Conjurations
 + Level 3.7 Air Magic


You had 5 spell levels left.
You knew the following spells:

 Your Spells              Type           Power        Failure   Level  Hunger
a - Shock                 Conj/Air       ##..         6%          1    #......
b - Swiftness             Chrm/Air       #.......     14%         2    ##.....


Dungeon Overview and Level Annotations

Branches:
Dungeon (3/15)

Altars:
Elyvilon
Gozag
Pakellas
Zin
The Shining One

Annotations:
D:3 Grinder


Innate Abilities, Weirdness & Mutations

Your plain brown scales are hard (AC +5).
Your body does not fit into most forms of armour.
You are cold-blooded and may be slowed by cold attacks.


Message History

The zap hits Grinder.
Grinder is severely wounded.
Grinder gestures at you. Pain shoots through your body!
* * * LOW HITPOINT WARNING * * *
Casting: Shock
Confirm with . or Enter, or press ? or * to list all spells.
Aiming: Shock
Press: ? - help, Shift-Dir - straight line, f/p - Grinder
Aim: Grinder (severely wounded)
The zap hits Grinder.
Grinder is severely wounded.
The zap hits Grinder.
Grinder is severely wounded.
Grinder gestures at you.
You suddenly lose the ability to move!
Grinder blinks!
Grinder gestures at you. Pain shoots through your body!
You die...

#.# #########.#
#.........#
#.#######)#
#.##..##..##
#.#........###
#............#
#............# #.
###.....@..#.# #
# ##........#....
##
#....>....ยง.##.#
#8 #...........#
# #.
##..!.$...### #.
##..##.5## ###
### #### #..
######. .....(.


You could see Grinder.

Vanquished Creatures
  3 adders (D:2)
  An ooze (D:2)
  An adder zombie (D:3)
  A worm (D:2)
  3 dart slugs
  2 giant geckos
  6 bats
  4 giant cockroaches
  15 goblins
  6 hobgoblins
  4 jackals (D:1)
  2 quokkas (D:3)
  A giant newt (D:2)
  5 kobolds
  3 rats
57 creatures vanquished.

Notes
Turn   | Place    | Note
--------------------------------------------------------------
     0 | D:1      | Gagarin the Draconian Air Elementalist began the quest for the Orb.
     0 | D:1      | Reached XP level 1. HP: 14/14 MP: 3/3
   468 | D:1      | Found a glowing golden altar of the Shining One.
   553 | D:1      | Reached XP level 2. HP: 15/20 MP: 0/5
   658 | D:1      | Learned a level 2 spell: Swiftness
  1163 | D:1      | Reached XP level 3. HP: 24/26 MP: 6/6
  1474 | D:2      | Found an oddly glowing altar of Pakellas.
  1630 | D:2      | Found a glowing golden altar of the Shining One.
  1630 | D:2      | Found a glowing silver altar of Zin.
  1630 | D:2      | Found a white marble altar of Elyvilon.
  1769 | D:2      | Reached XP level 4. HP: 34/34 MP: 0/7
  2486 | D:3      | Found an opulent altar of Gozag.
  2856 | D:3      | Noticed Grinder
  2863 | D:3      | Paralysed by Grinder for 7 turns
  2872 | D:3      | Paralysed by Grinder for 5 turns
  2883 | D:3      | Paralysed by Grinder for 5 turns
  2886 | D:3      | Killed from afar by Grinder

Skill      XL: |  1  2  3  4 |
---------------+-------------+-----
Dodging        | 2 |  2.5
Stealth        | 2 |  2.3
Conjurations   | 2 |  2.0
Fighting       | |  0.4
Short Blades   | |  0.4
Spellcasting   | |  2.5
Air Magic      | |  3.7

Action                   |  1- 3 |  4- 6 || total
-------------------------+-------+-------++-------
Melee: Dagger            |    79 |    47 ||   126
       Tailslap          |     5 |     3 ||     8
Throw: Stone             |     4 |       ||     4
 Cast: Shock             |    58 |    29 ||    87
 Stab: Sleeping          |     2 |     2 ||     4
  Eat: Chunk             |     4 |     3 ||     7
Armor: Skin              |    31 |    24 ||    55
Dodge: Dodged            |    82 |    53 ||   135
